 Dungeon Crawl Stone Soup version 0.31-a0-222-gefeffbb62a (webtiles) character file.

Game seed: 1486251732233517007

18 qw the Shooter (level 2, -2/16 HPs)
             Began as a Gargoyle Hexslinger on July 4, 2023.
             Slain by a phantom (6 damage)
             ... on level 4 of the Dungeon.
             The game lasted 00:00:17 (705 turns).

qw the Shooter (Gargoyle Hexslinger)                 Turns: 705, Time: 00:00:18

Health: -2/16      AC:  4    Str: 11    XL:     2   Next: 70%
Magic:  3/3        EV: 12    Int: 13    God:
Gold:   58         SH:  0    Dex: 12    Spells: 2/3 levels left

rFire   . . .        Y - +1 sling (drain)
rCold   . . .        (no shield)
rNeg    + . .        c - +0 robe
rPois   inf          (no helmet)
rElec   +            (no cloak)
rCorr   .            (no gloves)
SInv    .            (no boots)
Will    .....        (no amulet)
Stlth   +            (no ring)
HPRegen 0.22/turn    (no ring)
MPRegen 0.08/turn

%: no passive effects
@: no status effects
A: sickness immunity, AC +2, negative energy resistance 1, electricity
resistance, torment resistance 1, petrification resistance
a: no special abilities


You were on level 4 of the Dungeon.
You visited 1 branch of the dungeon, and saw 3 of its levels.

You collected 58 gold pieces.


Innate Abilities, Weirdness & Mutations

You are immune to sickness and miasma.
Your stone body is resilient. (AC +2)
You are immune to poison.
You resist negative energy. (rN+)
You are resistant to electric shocks. (rElec)
You are resistant to unholy torment.
You are immune to petrification.


   Skills:
 + Level 1.5 Fighting
 - Level 3.0 Ranged Weapons
 - Level 1.5 Dodging
 - Level 1.0 Spellcasting
 - Level 2.6 Hexes


You had 2 spell levels left.
You knew the following spells:

 Your Spells              Type           Power      Damage    Failure   Level
a - Slow                  Hex            28%        N/A       10%         1

Your spell library contained the following spells:

 Spells                   Type           Power      Damage    Failure   Level
 Inner Flame              Hex/Fire       4%         N/A       43%         3
 Portal Projectile        Hex/Tloc       8%         N/A       43%         3
 Cause Fear               Hex            3%         N/A       67%         4

Inventory:

Hand Weapons
 Y - a +1 sling of draining (weapon)
Armour
 c - a +0 robe (worn)
Potions
 a - a potion of brilliance {unknown}
 d - a potion of curing {unknown}
 h - a potion of lignification {unknown}

Dungeon Overview and Level Annotations

Branches:
Dungeon (4/15)
 Temple: D:4-7

Altars:


Message History

The sling bullet closely misses the phantom.
The phantom hits you but does no damage.
You shoot a sling bullet. The sling bullet hits the phantom.
The phantom is moderately damaged.
The phantom hits you.
The phantom blinks!
You blink.
Enter note: You shoot a sling bullet.
The sling bullet barely misses the phantom.
The phantom hits you.
You shoot a sling bullet.
The sling bullet barely misses the phantom.
The phantom barely misses you. The phantom hits you.
You shoot a sling bullet. The sling bullet hits the phantom.
The phantom is moderately damaged.
The phantom barely misses you.
You shoot a sling bullet.
The sling bullet hits the phantom but does no damage.
The phantom is moderately damaged.
The phantom hits you but does no damage.
You shoot a sling bullet.
The sling bullet closely misses the phantom.
The phantom hits you but does no damage.
You shoot a sling bullet.
The sling bullet barely misses the phantom.
The phantom hits you but does no damage.
The phantom closely misses you.
You shoot a sling bullet. The sling bullet misses the phantom.
The phantom closely misses you.
You shoot a sling bullet.
The sling bullet barely misses the phantom.
The phantom barely misses you.
You shoot a sling bullet. The sling bullet misses the phantom.
The phantom barely misses you.
You shoot a sling bullet.
The sling bullet closely misses the phantom.
The phantom hits you.
You shoot a sling bullet.
The sling bullet barely misses the phantom.
The phantom hits you.
You die...

#.....#........#
#.!.....>.....##
#..............#
...##.#..........#
.. ####......####
...####.........#
#.....#....##...##
##...............#
#......@........##
.......W.........##
.........#.........
......####.#.......
........#..#..###..
#.........##..##
........#.#....#
...##......#.###
##..######


You could see a phantom.

Vanquished Creatures
  A dart slug (D:1)
  3 bats (D:1)
  A giant cockroach (D:1)
  4 goblins (D:1)
  A hobgoblin (D:1)
  A quokka (D:1)
  A frilled lizard (D:1)
  A kobold (D:1)
  2 rats (D:1)
15 creatures vanquished.

Notes
Turn   | Place    | Note
-------+----------+-------------------------------------------
     0 | D:1      | qw the Gargoyle Hexslinger began the quest for the Orb.
     0 | D:1      | Reached XP level 1. HP: 12/12 MP: 2/2
     0 | D:1      | 0 ||| qw: Version: 0.3-a-46-gb1f654a
     0 | D:1      | 0 ||| qw: Game counter: 855
     0 | D:1      | 0 ||| qw: Melee chars always use a shield: true
     0 | D:1      | 0 ||| qw: God list: Okawaru
     0 | D:1      | 0 ||| qw: Allow faded altars: false
     0 | D:1      | 0 ||| qw: Do Orc after clearing Dungeon:15 true
     0 | D:1      | 0 ||| qw: Do second Lair branch before Depths: true
     0 | D:1      | 0 ||| qw: Lair rune preference: random
     0 | D:1      | 0 ||| qw: Goals: Normal
     0 | D:1      | 0 ||| PLANNING D:1-11
   147 | D:1      | Reached XP level 2. HP: 16/16 MP: 3/3
   337 | D:1      | Reached skill level 3 in Ranged Weapons
   614 | D:1      | 614 ||| DROPPING ring of wizardry.
   615 | D:1      | 615 ||| READING scroll labelled INAKHL BOURGHOYNAU.
   626 | D:1      | 626 ||| READING scroll labelled PIYTILLOAWK.
   627 | D:1      | 627 ||| READING scroll labelled ODDIAS ZIYB.
   628 | D:1      | 628 ||| READING scroll labelled XUPSUI RONUFO.
   629 | D:1      | 629 ||| READING scroll labelled VYWUILIVAPS.
   630 | D:1      | 630 ||| READING scroll labelled PAENESUSYLI.
   631 | D:1      | 631 ||| DROPPING scroll of poison.
   664 | D:2      | You fall into a shaft and drop 2 floors!
   687 | D:4      | Noticed a phantom
   695 | D:4      | HP: 4/16 [phantom (4)]
   704 | D:4      | HP: 4/16 [phantom (2)]
   705 | D:4      | Slain by a phantom

Levels and vault maps discovered:
D:1:      giann_bridges, layout_loops_ring
D:2:      layout_loops_ring, hellmonk_ecumenical_altar_blasted,
          uniq_crazy_yiuf_cottage
D:4:      layout_cave_pools, mainiacjoe_overflow_24_doors,
          chequers_serial_rivers_small_a,
          nicolae_concentric_dashed_squares_mild, corexii_corridor_pit

Skill      XL: |  1  2 |
---------------+-------+-----
Ranged Weapons | 3 |  3.0
Fighting       | |  1.5
Dodging        | |  1.5
Spellcasting   | |  1.0
Hexes          | |  2.6

Action                     || total
---------------------------++-------
   Fire: Sling             ||    66
    Use: Scroll            ||     6
 Armour: Robe              ||     8
  Dodge: Dodged            ||    11

Table legend:
 A = Non-vault XP
 B = Vault XP
 C = Vault XP percentage of total XP
 D = Non-vault monster count
 E = Vault monster count
 F = Vault count percentage of total count
                 A         B        C        D         E       F
            +---------+---------+-------+---------+---------+-------
      Total |      27 |       0 |   0.0 |      15 |       0 |   0.0
            +---------+---------+-------+---------+---------+-------
        D:1 |      27 |       0 |   0.0 |      15 |       0 |   0.0
            +---------+---------+-------+---------+---------+-------
